 Dungeon Crawl Stone Soup version 0.29-a0-340-g6efceafd81 (webtiles) character file.

Game seed: 14404362454152763868

4 bande the Covered (level 1, 0/14 HPs)
             Began as a Gargoyle Fighter on Apr 20, 2022.
             Slain by an endoplasm (3 damage)
             ... on level 1 of the Dungeon.
             The game lasted 00:00:15 (149 turns).

bande the Covered (Gargoyle Fighter)                 Turns: 149, Time: 00:00:16

Health: 0/14       AC:  9    Str: 19    XL:     1   Next: 60%
Magic:  1/1        EV:  9    Int:  8    God:
Gold:   8          SH:  4    Dex:  9    Spells: 0/0 levels left

rFire   . . .      SeeInvis .   a - +0 war axe
rCold   . . .      Faith    .   c - +0 buckler
rNeg    + . .      Spirit   .   b - +0 scale mail
rPois   ∞          Reflect  .   (no helmet)
rElec   +          Harm     .   (no cloak)
rCorr   .          Rampage  .   (no gloves)
Will    .....                   (no boots)
Stlth   ..........              (no amulet)
HPRegen 0.04/turn               (no ring)
MPRegen 0.07/turn               (no ring)

@: no status effects
A: sickness immunity, AC +2, negative energy resistance 1, electricity
resistance, torment resistance 1, petrification resistance
a: no special abilities


You were on level 1 of the Dungeon.
You visited 1 branch of the dungeon, and saw 1 of its levels.

You collected 8 gold pieces.

Inventory:

Hand Weapons
 a - a +0 war axe (weapon)
Armour
 b - a +0 scale mail (worn)
 c - a +0 buckler (worn)
Jewellery
 g - a ring of fire
Scrolls
 e - a scroll of magic mapping {unknown}
 h - a scroll of identify {unknown}
Potions
 d - a potion of might
 f - a potion of invisibility {unknown}


   Skills:
 + Level 3.3 Fighting
 + Level 1.8 Axes
 + Level 3.4 Armour
 + Level 3.3 Shields


You couldn't memorise any spells.
You didn't know any spells.
Your spell library was empty.

Dungeon Overview and Level Annotations

Branches:
Dungeon (1/15)

Altars:


Innate Abilities, Weirdness & Mutations

You are immune to sickness and miasma.
Your stone body is resilient. (AC +2)
You are immune to poison.
You resist negative energy. (rN+)
You are resistant to electric shocks. (rElec)
You are resistant to unholy torment.
You are immune to petrification.


Message History

You kill the kobold!
A giant cockroach comes into view.
The quokka bites you but does no damage.
You miss the quokka. You block the quokka's attack.
A rat comes into view.
The quokka bites you but does no damage.
You closely miss the quokka. The quokka bites you.
You barely miss the quokka. The quokka closely misses you.
An endoplasm comes into view.
The quokka closely misses you.
You barely miss the quokka. The quokka barely misses you. x2
You closely miss the quokka.
The quokka bites you but does no damage.
The endoplasm jiggles.
You slash the quokka!
You kill the quokka!
The rat twitches its whiskers.
The giant cockroach barely misses you.
You closely miss the giant cockroach. You barely miss the endoplasm.
The giant cockroach barely misses you. The endoplasm freezes you.
You are frozen.
You block the giant cockroach's attack.
You hit the giant cockroach.
The giant cockroach is moderately wounded.
You barely miss the endoplasm.
The giant cockroach bites you but does no damage.
The endoplasm freezes you.
You are frozen.
The giant cockroach barely misses you.
You slash the giant cockroach!
You kill the giant cockroach!
You hit the endoplasm but do no damage.
The endoplasm hits you but does no damage.
The endoplasm barely misses you. The endoplasm freezes you.
You are frozen.
* * * LOW HITPOINT WARNING * * *
You hit the endoplasm.
The endoplasm is severely wounded.
You barely miss the endoplasm. The endoplasm hits you.
You die...

## .. ##) ..# . .#..( ..#.#
.... ..#.## ..# #$.. ##.....#
..### . #..##......#. )...#
..##rJJ....>... ....####.
.... #@......#
........#.#....#.......#
........#.........#...##
........###...###.# ..#
........# #...# #.# .#
........# #...###.#########
........# #........)......#
........# #...............#
........###...............###


You could see 2 endoplasms and a rat.

Vanquished Creatures
  A giant cockroach (D:1)
  A kobold (D:1)
  A quokka (D:1)
3 creatures vanquished.

Notes
Turn   | Place    | Note
-------+----------+-------------------------------------------
     0 | D:1      | bande the Gargoyle Fighter began the quest for the Orb.
     0 | D:1      | Reached XP level 1. HP: 14/14 MP: 1/1
   149 | D:1      | Slain by an endoplasm

Illustrated notes

Levels and vault maps discovered:
D:1:      ncdulo_lavacross, layout_basic, minmay_misc_feat_hallway,
          minmay_pentomino_w4

Action                   || total
-------------------------++-------
Melee: War axe           ||    11
Armor: Scale mail        ||     5
Dodge: Dodged            ||     8
Block: Buckler           ||     2

Table legend: (Time is in decaauts)
 A = Elapsed time spent in this place.
 B = Non-inter-level travel time spent in this place.
 C = Inter-level travel time spent in this place.
 D = Time resting spent in this place.
 E = Time spent auto-exploring this place.
 F = Levels seen in this place.
 G = Mean time per level.
                   A        B        C        D        E       F      G
               +--------+--------+--------+--------+--------+-----+--------+
         Total |    153 |    153 |      0 |      0 |    122 |   1 |  153.0 |
       Dungeon |    153 |    153 |      0 |      0 |    122 |   1 |  153.0 |
               +--------+--------+--------+--------+--------+-----+--------+

Top non-repeatable levels by time:
     D:1: 153 daAuts
